 Dungeon Crawl Stone Soup version 0.30-a0-847-g17996783a1 (webtiles) character file.

Game seed: 4512272056656407324

10033 greenreed the Thaumaturge (level 11, 0/48 HPs)
             Began as a Spriggan Conjurer on Mar 3, 2023.
             Was a High Priest of Qazlal.
             Slain by a starflower (1 damage)
             ... on level 2 of the Abyss.
             The game lasted 00:36:49 (15058 turns).

greenreed the Thaumaturge (Spriggan Conjurer)      Turns: 15058, Time: 00:36:50

Health: 0/48       AC: 13    Str:  3    XL:     11   Next: 30%
Magic:  29/29      EV: 16    Int: 25    God:    Qazlal [*****.]
Gold:   737        SH:  6    Dex: 13    Spells: 26/37 levels left

rFire   . . .      SeeInvis +    N - staff of air
rCold   . . .      Faith    +    (shield currently unavailable)
rNeg    . . .      Spirit   .    R - +0 acid dragon scales
rPois   .          Reflect  .    (helmet restricted)
rElec   +          Rampage  .    (no cloak)
rCorr   +                        (gloves unavailable)
Will    +....                    (boots unavailable)
Stlth   +                        l - amulet of faith
HPRegen 0.28/turn                w - ring of Xequl {rElec AC+4}
MPRegen 0.21/turn                s - ring of flight

@: protected from physical damage, flying, repel missiles, unable to drink, very
quick
A: very small, no large weapons, unfitting armour, see invisible, speed 3,
([teleportitis 2]), [inability to drink after injury 2]
a: Renounce Religion, Upheaval, Elemental Force, Disaster Area


You were on level 2 of the Abyss.
You worshipped Qazlal.
Qazlal was extremely pleased with you.
You visited 2 branches of the dungeon, and saw 12 of its levels.
You visited the Abyss 1 time.
You also visited: Ossuary.

You collected 737 gold pieces.

Inventory:

Missiles
 E - a throwing net
Armour
 a - a +0 robe
 R - +0 acid dragon scales (worn)
Magical Staves
 N - a staff of air (weapon)
Jewellery
 d - a ring of protection from cold
 h - a +4 ring of protection
 l - an amulet of faith (around neck)
 s - a ring of flight (right hand)
 t - an amulet of regeneration
 w - the ring of Xequl (left hand) {rElec AC+4}
   (You found it on level 5 of the Dungeon)

   [ring of protection]

   AC:        It affects your AC (+4).
   rElec:     It insulates you from electricity.
 A - a ring of wizardry
 M - an amulet of reflection
 O - an amulet of the acrobat
 V - a ring of protection from cold
Wands
 y - a wand of charming (7)
 D - a wand of flame (30)
 F - a wand of mindburst (18)
 L - a wand of acid (17)
Scrolls
 c - 6 scrolls of teleportation {unknown}
 e - 17 scrolls of identify {unknown}
 g - 4 scrolls of magic mapping {unknown}
 i - 5 scrolls of enchant armour {unknown}
 k - 2 scrolls of enchant weapon {unknown}
 n - 3 scrolls of brand weapon {unknown}
 p - a scroll of noise {unknown}
 v - 3 scrolls of amnesia {unknown}
 z - a scroll of silence {unknown}
 B - a scroll of torment {unknown}
 C - a scroll of fear {unknown}
 G - 2 scrolls of immolation {unknown}
 H - a scroll of summoning {unknown}
 I - a scroll of fog {unknown}
 P - a scroll of vulnerability {unknown}
 T - a scroll of blinking {unknown}
 U - a scroll of poison {unknown}
Potions
 b - a potion of magic
 f - 11 potions of curing
 j - 3 potions of cancellation {unknown}
 m - a potion of haste {unknown}
 o - 2 potions of invisibility {unknown}
 q - 2 potions of ambrosia {unknown}
 r - 2 potions of mutation {unknown}
 u - 2 potions of might {unknown}
 x - 2 potions of heal wounds {unknown}
 J - 4 potions of brilliance {unknown}
 K - a potion of attraction {unknown}
 Q - a potion of flight {unknown}
 S - a potion of lignification {unknown}


   Skills:
 + Level 0.7 Fighting
 + Level 0.2 Staves
 + Level 1.5 Armour
 + Level 6.3 Dodging
 - Level 3.8 Stealth
 + Level 1.5 Shields
 * Level 13.9 Spellcasting
 * Level 8.7 Conjurations
 * Level 1.1 Air Magic
 * Level 5.7 Invocations


You had 26 spell levels left.
You knew the following spells:

 Your Spells              Type           Power      Damage    Failure   Level
a - Magic Dart            Conj           100%       1d8       1%          1
b - Searing Ray           Conj           100%       2d8       1%          2
c - Dazzling Flash        Conj/Hex       78%        N/A       4%          3
d - Lightning Bolt        Conj/Air       29%        1d46      32%         5

Your spell library contained the following spells:

 Spells                   Type           Power      Damage    Failure   Level
 Foxfire                  Conj/Fire      100%       2x1d9     1%          1
 Static Discharge         Conj/Air       100%       2-7/arc   1%          2
 Momentum Strike          Conj/Tloc      78%        3d10      2%          2
 Apportation              Tloc           34%        N/A       10%         1
 Blink                    Tloc           34%        N/A       14%         2
 Lesser Beckoning         Tloc           34%        N/A       14%         2
 Sublimation of Blood     Necr           17%        N/A       14%         2
 Wereblood                Tmut           17%        N/A       14%         2
 Fulminant Prism          Conj/Hex       19%        3d10      16%         4
 Iskenderun's Mystic Bla  Conj/Tloc      39%        2d9       16%         4
 Vhi's Electric Charge    Tloc/Air       60%        N/A       22%         3
 Gell's Gravitas          Tloc           17%        N/A       28%         3
 Teleport Other           Tloc           17%        N/A       28%         3
 Arcjolt                  Conj/Air       29%        1d39      32%         5
 Fireball                 Conj/Fire      19%        3d9       38%         5
 Starburst                Conj/Fire      19%        6d7       93%         6
 Alistair's Intoxication  Tmut/Pois      11%        N/A       95%         5
 Summon Hydra             Summ           8%         N/A       100%        7


Dungeon Overview and Level Annotations

Branches:
Dungeon (11/15)            Temple (1/1) D:4         Ossuary (visited)
   Lair: D:8-11         Orc: D:9-12

Altars:
Ashenzari
Cheibriados
Dithmenos
Elyvilon
Fedhas
Gozag
Hepliaklqana
Kikubaaqudgha
Makhleb
Nemelex Xobeh
Okawaru
Qazlal
Ru
Sif Muna
Trog
Uskayaw
Vehumet
Wu Jian
Xom
Yredelemnul
Zin
The Shining One

Shops:
D:4 *   D:9 =

Annotations:
D:11 3 runed translucent doors, Zvl3's ghost, journeyman KoHu


Innate Abilities, Weirdness & Mutations

You are very small and have problems with some larger weapons.
You are too small for most types of armour.
You have supernaturally acute eyesight. (SInv)
You cover ground extremely quickly. (Speed+++)
[((You are often teleported next to monsters.))]
[You sometimes lose the ability to drink potions when taking damage.]


Message History

You hear a roar!
You hear a roar!
A starflower comes into view.
The starflower closely misses you.
The starflower tentacle-slaps you from afar!
You feel protected from physical attacks.
You block the starflower's attack. x2
Press: ? - help, v - describe, . - travel
Here: a starflower The floor.
There are monsters nearby!
Press: ? - help, v - describe, . - travel
Here: a starflower The floor.
It was a potion of curing.
You feel better. You block the starflower's attack.
The starflower barely misses you.
The starflower tentacle-slaps you but does no damage. x2
The starflower tentacle-slaps you from afar!
You wobble for a moment.
The starflower tentacle-slaps you but does no damage.
The starflower barely misses you.
The starflower tentacle-slaps you but does no damage.
Why would you want to do that?
You remove your ring of wizardry.
You hear a roar!
You fly up into the air.
s - a ring of flight (right hand)
The starflower closely misses you. The starflower misses you.
The starflower closely misses you.
The starflower tentacle-slaps you from afar!
You feel threatened and lose the ability to drink potions!
You feel more protected from physical attacks.
The starflower tentacle-slaps you!
* * * LOW HITPOINT WARNING * * *
Space warps horribly around you.
* * * LOW HITPOINT WARNING * * *
The starflower tentacle-slaps you!
* * * LOW HITPOINT WARNING * * *
The starflower tentacle-slaps you.
You die...

##.## ##
###...###...###..####.
......#.....#...#. .
#..... ....... .. ..
#....#.....#.....#..
#.≈☼☼## ..# ..#. #.
##≈P≈###.#####. .###
#.≈@§........#.##...
#..#≈P°##.°....#.#...#
#....≈≈≈.#......#§§ .##
#..#...#.#......#§.§...
#.#
#.##..#......##§#.## #
## ..#......# ###
#.######## .. ... .#.


You could see 2 starflowers.

Vanquished Creatures
  3 two-headed ogres (D:10)
  A wizard (D:11)
  2 deep elf pyromancers
  An ugly thing (D:11)
  2 komodo dragons (D:10)
  A hornet (D:10)
  2 wraiths (D:10)
  6 yaks (D:7)
  Eustachio (D:6)
  A vampire (D:10)
  A fire elemental (D:10)
  A basilisk (D:11)
  Edmund (D:5)
  An acid dragon (D:10)
  A water moccasin (D:7)
  An orc warrior (D:10)
  2 ice beasts
  A black bear (D:4)
  An ogre (D:6)
  5 centaurs
  4 phantoms
  5 kobold brigands
  3 bullfrogs
  2 scorpions (D:4)
  A wyvern zombie (D:6)
  2 water moccasin zombies (Ossuary)
  9 wights
  5 killer bees (D:8)
  4 howler monkeys
  A centaur zombie (D:6)
  A hound (D:5)
  6 orc priests
  2 gnoll boudas
  A jelly (D:7)
  Ijyb (D:5)
  5 iguanas
  4 orc wizards
  Natasha (twice) (D:3)
  3 mummies
  2 howler monkey zombies (D:6)
  6 adders
  12 gnolls
  A shadow imp (D:8)
  3 white imps
  5 ufetubi
  6 adder zombies (Ossuary)
  A worm (D:4)
  2 dart slugs
  19 orcs
  7 endoplasms
  2 giant cockroaches
  3 gnoll zombies (Ossuary)
  3 goblins
  5 hobgoblins
  12 jackals
  32 kobolds
  4 quokkas
  8 ball pythons
  5 bats
  4 frilled lizards
  A goblin zombie (D:7)
  6 hobgoblin zombies
  6 kobold zombies (Ossuary)
  An orc zombie (Ossuary)
  3 rats (D:1)
255 creatures vanquished.

Vanquished Creatures (others)
  A plant (D:2)
1 creature vanquished.

Grand Total: 256 creatures vanquished

Notes
Turn   | Place    | Note
-------+----------+-------------------------------------------
     0 | D:1      | greenreed the Spriggan Conjurer began the quest for the
                  | Orb.
     0 | D:1      | Reached XP level 1. HP: 9/9 MP: 5/5
   223 | D:1      | Reached XP level 2. HP: 13/13 MP: 0/6
   402 | D:1      | Reached skill level 3 in Spellcasting
  1067 | D:2      | Reached XP level 3. HP: 16/16 MP: 3/8
  1243 | D:1      | Learned a level 2 spell: Searing Ray
  1613 | D:2      | Reached XP level 4. HP: 21/21 MP: 7/10
  2566 | D:3      | Noticed Natasha
  2722 | D:3      | Killed Natasha
  2909 | D:3      | Found a faded altar of an unknown god.
  2975 | D:3      | Found a snail-covered altar of Cheibriados.
  2987 | D:3      | Found a blossoming altar of Fedhas.
  2991 | D:3      | Found an iron altar of Okawaru.
  3036 | D:3      | Found a broken altar of Ashenzari.
  3054 | D:3      | Noticed Natasha
  3059 | D:3      | Killed Natasha
  3224 | D:3      | Reached skill level 4 in Spellcasting
  3535 | D:4      | You fall into a shaft and drop 1 floor!
  3535 | D:5      | Entered Level 5 of the Dungeon
  3544 | D:5      | Found a glowing golden altar of the Shining One.
  3662 | D:5      | Identified the ring of Xequl {rElec AC+4}
  3670 | D:4      | Reached XP level 5. HP: 24/24 MP: 10/12
  3730 | D:4      | Noticed a black bear
  3747 | D:4      | Killed a black bear
  4035 | D:4      | Found a staircase to the Ecumenical Temple.
  4041 | Temple   | Entered the Ecumenical Temple
  4200 | Temple   | Became a worshipper of Qazlal Stormbringer
  4230 | D:4      | Reached skill level 5 in Spellcasting
  4230 | D:4      | Reached XP level 6. HP: 25/28 MP: 2/14
  4479 | D:4      | Found Sicrof's Overcharged Wands.
  4736 | D:4      | Found a shimmering blue altar of Sif Muna.
  5089 | D:4      | Reached skill level 5 in Conjurations
  5597 | D:5      | Noticed Edmund
  5808 | D:5      | Killed Edmund
  5809 | D:5      | Reached skill level 6 in Spellcasting
  5809 | D:5      | Reached skill level 1 in Invocations
  5809 | D:5      | Reached XP level 7. HP: 32/32 MP: 8/17
  6146 | D:5      | Noticed Ijyb
  6158 | D:5      | Killed Ijyb
  6158 | D:5      | Reached * piety under Qazlal
  6521 | D:5      | Reached skill level 7 in Spellcasting
  6938 | D:6      | Reached XP level 8. HP: 36/36 MP: 2/20
  7436 | D:6      | Reached skill level 8 in Spellcasting
  7795 | D:6      | Found a basalt altar of Yredelemnul.
  7816 | D:6      | Noticed Eustachio
  7828 | D:6      | Killed Eustachio
  7935 | D:6      | Reached ** piety under Qazlal
  8012 | D:6      | Reached skill level 9 in Spellcasting
  8292 | D:7      | Found a sand-covered staircase.
  8319 | Ossuary  | Entered an ossuary
  8478 | Ossuary  | Reached *** piety under Qazlal
  8731 | Ossuary  | Reached XP level 9. HP: 39/39 MP: 18/23
  8881 | D:7      | Learned a level 3 spell: Dazzling Flash
  9018 | D:7      | Reached skill level 10 in Spellcasting
  9996 | D:7      | Reached skill level 5 in Dodging
 10022 | D:7      | Reached skill level 11 in Spellcasting
 10397 | D:8      | Reached **** piety under Qazlal
 10403 | D:8      | Reached skill level 1 in Shields
 10664 | D:8      | Reached XP level 10. HP: 44/44 MP: 11/26
 10901 | D:8      | Found a bloodstained altar of Trog.
 11084 | D:8      | Reached skill level 12 in Spellcasting
 11652 | D:9      | Found a hide-covered altar of Uskayaw.
 11652 | D:9      | Found a radiant altar of Vehumet.
 11728 | D:9      | Found a sparkling altar of Nemelex Xobeh.
 11728 | D:9      | Found an opulent altar of Gozag.
 11765 | D:9      | Found Nuhent's Jewellery Shoppe.
 12316 | D:10     | Entered Level 10 of the Dungeon
 13245 | D:10     | Reached ***** piety under Qazlal
 13433 | D:11     | Noticed a two-headed ogre
 13438 | D:11     | Noticed a purple ugly thing
 13528 | D:10     | Reached skill level 5 in Invocations
 13602 | D:11     | Noticed a two-headed ogre
 13705 | D:10     | Killed a two-headed ogre
 13706 | D:10     | Reached skill level 13 in Spellcasting
 13776 | D:11     | Noticed a two-headed ogre
 13812 | D:10     | Killed a two-headed ogre
 13813 | D:10     | Reached skill level 1 in Armour
 13907 | D:10     | Killed a two-headed ogre
 13908 | D:10     | Reached XP level 11. HP: 16/48 MP: 12/29
 14029 | D:11     | Noticed a deep elf pyromancer
 14100 | D:10     | Learned a level 5 spell: Lightning Bolt
 14153 | D:10     | Killed a deep elf pyromancer
 14576 | D:11     | Noticed a deep elf pyromancer
 14579 | D:11     | Noticed a wizard
 14683 | D:11     | Found a runed translucent gate.
 14684 | D:11     | Found a runed translucent gate.
 14685 | D:11     | Found a runed translucent gate.
 14687 | D:11     | Noticed a glowing orange brain
 14750 | D:11     | Noticed Zvl3's ghost (journeyman KoHu)
 14779 | D:11     | Killed a purple ugly thing
 14880 | D:11     | Noticed a wizard
 14892 | D:11     | Killed a wizard
 14962 | D:11     | Killed a deep elf pyromancer
 14963 | D:11     | Reached skill level 1 in Air Magic
 14963 | Abyss:2  | Found a corrupted altar of Lugonu.
 14963 | Abyss:2  | Cast into level 2 of the Abyss (a wizard)
 15028 | Abyss:2  | Noticed a wretched star
 15048 | Abyss:2  | Noticed a starflower
 15052 | Abyss:2  | Noticed a starflower
 15058 | Abyss:2  | HP: 1/48 [starflower (8)]
 15058 | Abyss:2  | Slain by a starflower

Illustrated notes

Levels and vault maps discovered:
D:1:      psy_arrival_dodecagon, layout_basic, dk_noncrumbling_4,
          corexii_hall_statues_x, minivault_25
D:2:      layout_loops_corners, serial_forest, infiniplex_forest_lined_4_way,
          infiniplex_forest_corner_1, infiniplex_forest_lined_room_2,
          infiniplex_forest_straight_3, infiniplex_forest_clump_C,
          infiniplex_forest_clump_tiny, infiniplex_forest_straight_3,
          infiniplex_forest_fountain, infiniplex_forest_end_2
D:3:      layout_rooms, minmay_overflow_temple_star_quad, ashenzari_altar_1,
          ebering_ecumenical_altar_abandoned, uniq_natasha
D:4:      layout_layer_cave, mainiacjoe_overflow_cross_hatched,
          minmay_temple_entry_gardened_gates, serial_co_window_serial,
          co_window_paths_a, co_window_cross_1, co_window_paths_a,
          co_window_paths_a, co_window_corner_a, co_window_broadway_b,
          co_window_of_opportunity_b, co_window_broadway_b,
          co_window_broadway_c, co_window_unsneaky_path_d, glass_columns_b,
          nicolae_shop_overcharged_wands
D:5:      layout_loops_ring, tso_metal_star, minivault_1, uniq_edmund, uniq_ijyb
D:6:      layout_basic, mainiacjoe_overflow_tiny_flanked, serial_undead,
          serial_undead_a, serial_undead_c, serial_undead_d, serial_undead_e,
          uniq_eustachio
D:7:      layout_basic, nicolae_ossuary_entry_giza, patterned_corridor
D:8:      layout_loops_ring, old_standard_altar, kennysheep_generic_room_4
D:9:      layout_irregular_city, grunt_temple_overflow_open, serial_shops,
          nicolae_lakefront_shop
D:10:     layout_roguey
D:11:     cheibrodos_lost_city_excavation, layout_cave_pools, lair_entry_dummy,
          gammafunk_ghost_ooze
Temple:   hellmonk_temple_flake
Abyss:2:  base: D:9, spicy_abyss_rude_harpoons, minivault_27

Skill      XL: |  1  2  3  4  5  6  7  8  9 10 11 |
---------------+----------------------------------+-----
Conjurations   | 3 4 5 6 7 8 |  8.7
Spellcasting   | 3 4 5 6 7 9 11 13 | 13.9
Dodging        | 3 4 5 6 |  6.3
Invocations    | 1 2 3 4 5 |  5.7
Shields        | 1 |  1.5
Armour         | 1 |  1.5
Air Magic      | 1 |  1.1
Fighting       | |  0.7
Staves         | |  0.2
Stealth        | |  3.8

Action                     |  1- 3 |  4- 6 |  7- 9 | 10-12 || total
---------------------------+-------+-------+-------+-------++-------
  Melee: Unarmed           |     2 |     1 |     9 |       ||    12
         Staff             |       |       |       |     3 ||     3
   Cast: Magic Dart        |    79 |    91 |   189 |   135 ||   494
         Searing Ray       |       |    18 |    72 |    54 ||   144
         Lightning Bolt    |       |       |       |     4 ||     4
    Use: Potion            |       |       |       |     1 ||     1
 Armour: Robe              |       |     3 |    22 |     3 ||    28
         Acid dragon scale |       |       |       |    12 ||    12
  Dodge: Dodged            |     7 |    14 |   112 |    75 ||   208
         Repelled          |       |       |       |     3 ||     3
  Block: Other             |       |       |    26 |    21 ||    47

Table legend: (Time is in decaauts)
 A = Elapsed time spent in this place.
 B = Non-inter-level travel time spent in this place.
 C = Inter-level travel time spent in this place.
 D = Time resting spent in this place.
 E = Time spent auto-exploring this place.
 F = Levels seen in this place.
 G = Mean time per level.
                   A        B        C        D        E       F      G
               +--------+--------+--------+--------+--------+-----+--------+
         Total |  11849 |  11533 |    316 |   1290 |   8366 |  14 |  846.4 |
       Dungeon |  11222 |  10923 |    299 |   1290 |   7848 |  11 | 1020.2 |
        Temple |    103 |     86 |     17 |      0 |     77 |   1 |  103.0 |
         Abyss |     83 |     83 |      0 |      0 |     64 |   1 |   83.0 |
       Ossuary |    440 |    440 |      0 |      0 |    376 |   1 |  440.0 |
               +--------+--------+--------+--------+--------+-----+--------+

Top non-repeatable levels by time:
    D:10: 1626 daAuts
     D:4: 1441 daAuts
     D:7: 1435 daAuts
     D:6: 1239 daAuts
     D:5: 1121 daAuts
     D:1: 1018 daAuts
     D:2: 924 daAuts
     D:8: 829 daAuts
     D:9: 617 daAuts
     D:3: 534 daAuts
 Ossuary: 440 daAuts
    D:11: 434 daAuts
  Temple: 103 daAuts
 Abyss:2: 83 daAuts
